 Dungeon Crawl Stone Soup version 0.29-a0-356-g7bc237e783 (webtiles) character file.

Game seed: 16382115089377299537

100 Hubjo the Firebug (level 4, 0/26 HPs)
             Began as a Deep Elf Fire Elementalist on Apr 26, 2022.
             Was a Follower of Kikubaaqudgha.
             Slain by Crazy Yiuf
             ... wielding a +3 quarterstaff of chaos
              (11 damage)
             ... on level 2 of the Dungeon.
             The game lasted 00:03:01 (2706 turns).

Hubjo the Firebug (Deep Elf Fire Elementalist)      Turns: 2706, Time: 00:03:02

Health: 0/26       AC:  2    Str:  5    XL:     4   Next: 47%
Magic:  11/11      EV: 13    Int: 20    God:    Kikubaaqudgha [*.....]
Gold:   64         SH:  0    Dex: 17    Spells: 9/10 levels left

rFire   . . .      SeeInvis .   o - +1 dagger (holy)
rCold   . . .      Faith    .   (no shield)
rNeg    . . .      Spirit   .   a - +0 robe
rPois   .          Reflect  .   (no helmet)
rElec   .          Harm     .   (no cloak)
rCorr   .          Rampage  .   (no gloves)
Will    .....                   (no boots)
Stlth   +++.......              (no amulet)
HPRegen 0.08/turn               (no ring)
MPRegen 0.12/turn               (no ring)

@: hasted, invisible, very quick
A: no striking features
a: Renounce Religion, Receive Corpses


You were on level 2 of the Dungeon.
You worshipped Kikubaaqudgha.
Kikubaaqudgha was aware of your devotion.
You visited 1 branch of the dungeon, and saw 2 of its levels.

You collected 64 gold pieces.

Inventory:

Hand Weapons
 j - a +0 dagger
 o - a +1 dagger of holy wrath (weapon)
Armour
 a - a +0 robe (worn)
Wands
 n - a wand of flame (23)
Scrolls
 d - a scroll of magic mapping {unknown}
 e - a scroll of fear {unknown}
 g - a scroll of enchant armour {unknown}
 h - a scroll of amnesia {unknown}
 l - a scroll of summoning {unknown}
Potions
 b - a potion of magic
 c - a potion of attraction {unknown}
 f - a potion of heal wounds {unknown}
 i - 2 potions of might {unknown}
 k - 2 potions of flight {unknown}
 m - a potion of lignification {unknown}
 p - a potion of curing {unknown}


   Skills:
 * Level 2.0 Fighting
 - Level 2.4 Dodging
 + Level 3.4 Stealth
 + Level 3.8 Spellcasting
 - Level 1.1 Conjurations
 + Level 4.0 Fire Magic


You had 9 spell levels left.
You knew the following spells:

 Your Spells              Type           Power      Damage    Failure   Level
a - Foxfire               Conj/Fire      56%        2x1d6     4%          1

Your spell library contained the following spells:

 Spells                   Type           Power      Damage    Failure   Level
 Scorch                   Fire           38%        2d7       3%          2
 Animate Skeleton         Necr           6%         N/A       13%         1
 Pain                     Necr           12%        1d4       13%         1
 Conjure Flame            Conj/Fire      14%        6-21      14%         3
 Inner Flame              Hex/Fire       11%        N/A       17%         3
 Sublimation of Blood     Necr           3%         N/A       21%         2
 Vampiric Draining        Necr           3%         2d6       36%         3
 Flame Wave               Conj/Fire      14%        2d6       41%         4


Dungeon Overview and Level Annotations

Branches:
Dungeon (2/15)

Altars:
Kikubaaqudgha

Shops:
D:1 [

Annotations:
D:2 Crazy Yiuf


Message History

No target in view!
No target in view!
No target in view!
No target in view!
Things that are here:
a +0 club; a kobold corpse
p - an orange potion No reachable target in view!
As you open the door, it creaks loudly!
Crazy Yiuf shouts!
Crazy Yiuf whimpers, "Citrus tea aubergine!"
You conjure some foxfire!
There is not enough space to conjure foxfire!
There is not enough space to conjure foxfire!
Your foxfire dissipates!
Crazy Yiuf misses you.
There is an open translucent door here.
You hit Crazy Yiuf but do no damage. Crazy Yiuf closely misses you.
You closely miss Crazy Yiuf.
Crazy Yiuf waves his quarterstaff at you.
Crazy Yiuf closely misses you.
You closely miss Crazy Yiuf. Crazy Yiuf misses you.
You hit Crazy Yiuf but do no damage. Crazy Yiuf misses you.
You completely miss Crazy Yiuf.
Crazy Yiuf whimpers, "Rifle!"
Crazy Yiuf hits you with a +3 quarterstaff of chaos.
You feel yourself speed up.
You barely miss Crazy Yiuf. Crazy Yiuf barely misses you.
You closely miss Crazy Yiuf. You hit Crazy Yiuf but do no damage.
Crazy Yiuf hits you with a +3 quarterstaff of chaos!
Ouch! That really hurt!
You fade into invisibility!
You are too injured to fight recklessly!
You are too injured to fight recklessly!
You catch the helpless Crazy Yiuf completely off-guard!
You puncture Crazy Yiuf!
Crazy Yiuf is severely wounded.
Crazy Yiuf hits you with a +3 quarterstaff of chaos!
You die...
Kikubaaqudgha rasps: "You have failed me!
Welcome... death!"

## .# .# .# .# ########## .#
######## ##......#.. .#
##..P.#.### #### #..(.......
.#####....P.#..##...# #..........
...##.....P####.@g..# #...)......
.........P## ###..)# #..........
#......#### #### #..........
.#..#[.# #..<....... .##.#..#
#.......... .##..#.#############
##..........
..##............##.###..........#
................##.##...........#
.........>......................#


You could see Crazy Yiuf (can't see you).

Vanquished Creatures
  Jessica (D:2)
  2 adders (D:2)
  A worm (D:2)
  2 dart slugs (D:1)
  4 endoplasms (D:1)
  4 giant cockroaches
  4 goblins
  3 hobgoblins
  2 quokkas
  8 ball pythons
  5 bats
  A frilled lizard (D:1)
  9 kobolds
46 creatures vanquished.

Vanquished Creatures (others)
  229 foxfires
229 creatures vanquished.

Grand Total: 275 creatures vanquished

Notes
Turn   | Place    | Note
-------+----------+-------------------------------------------
     0 | D:1      | Hubjo the Deep Elf Fire Elementalist began the quest for
                  | the Orb.
     0 | D:1      | Reached XP level 1. HP: 10/10 MP: 6/6
   436 | D:1      | Reached XP level 2. HP: 16/16 MP: 0/8
   816 | D:1      | Reached skill level 1 in Fighting
   949 | D:1      | Found Rabromi's Antique Armour Boutique.
  1278 | D:1      | Reached XP level 3. HP: 20/20 MP: 1/9
  1461 | D:1      | Found a faded altar of an unknown god.
  1467 | D:1      | Prayed at the altar of an unknown god.
  1467 | D:1      | Became a worshipper of Kikubaaqudgha
  1467 | D:1      | Reached * piety under Kikubaaqudgha
  1467 | D:1      | Received a gift from Kikubaaqudgha
  2254 | D:2      | Noticed Jessica
  2258 | D:2      | Killed Jessica
  2259 | D:2      | Reached XP level 4. HP: 26/26 MP: 6/11
  2339 | D:2      | Found a runed translucent door.
  2340 | D:2      | Noticed Crazy Yiuf
  2638 | D:2      | Reached skill level 4 in Fire Magic
  2706 | D:2      | Slain by Crazy Yiuf

Illustrated notes

Levels and vault maps discovered:
D:1:      ncdulo_lavacross, layout_basic,
          hellmonk_ecumenical_altar_heavens_door, serial_shops,
          nicolae_shop_hallway_plus, minmay_tetromino_s2
D:2:      layout_rooms, uniq_jessica, uniq_crazy_yiuf_cottage

Skill      XL: |  1  2  3  4 |
---------------+-------------+-----
Fighting       | 1 2 |  2.0
Stealth        | 3 |  3.4
Fire Magic     | 4 |  4.0
Dodging        | |  2.4
Spellcasting   | |  3.8
Conjurations   | |  1.1

Action                   |  1- 3 |  4- 6 || total
-------------------------+-------+-------++-------
Melee: Unarmed           |    40 |       ||    40
       Dagger            |     2 |    26 ||    28
 Cast: Foxfire           |   124 |    23 ||   147
 Stab: Sleeping          |     1 |       ||     1
       Invisible         |       |     1 ||     1
Armor: Robe              |    14 |     5 ||    19
Dodge: Dodged            |    33 |    26 ||    59

Table legend: (Time is in decaauts)
 A = Elapsed time spent in this place.
 B = Non-inter-level travel time spent in this place.
 C = Inter-level travel time spent in this place.
 D = Time resting spent in this place.
 E = Time spent auto-exploring this place.
 F = Levels seen in this place.
 G = Mean time per level.
                   A        B        C        D        E       F      G
               +--------+--------+--------+--------+--------+-----+--------+
         Total |   2703 |   2657 |     46 |      0 |   2297 |   2 | 1351.5 |
       Dungeon |   2703 |   2657 |     46 |      0 |   2297 |   2 | 1351.5 |
               +--------+--------+--------+--------+--------+-----+--------+

Top non-repeatable levels by time:
     D:1: 1807 daAuts
     D:2: 896 daAuts
